 Dungeon Crawl Stone Soup version 0.19.5 (webtiles) character file.

429 JeffiDaFish the Shield-Bearer (level 6, -7/39 HPs)
             Began as a Gargoyle Fighter on Mar 30, 2017.
             Was an Initiate of Okawaru.
             Killed by divine providence
             ... invoked by an orc priest
              (11 damage)
             ... on level 5 of the Dungeon.
             The game lasted 00:09:53 (3191 turns).

JeffiDaFish the Shield-Bearer (Gargoyle Fighter)    Turns: 3191, Time: 00:09:54

Health: -7/39      AC: 18    Str: 20    XL:     6   Next: 98%
Magic:  0/6        EV:  6    Int: 11    God:    Okawaru [......]
Gold:   171        SH: 10    Dex: 11    Spells: 0 memorised, 5 levels left

rFire  . . .     SeeInvis .     a - +1 flail
rCold  . . .     Gourm    .     e - +0 chain mail
rNeg   + . .     Faith    .     c - +0 shield
rPois  ∞         Spirit   +     i - +0 helmet
rElec  +         Reflect  .     (no cloak)
rCorr  .         Harm     .     j - +2 pair of gloves
MR     .....                    (no boots)
Stlth  ..........               b - amulet of guardian spirit
                                (no ring)
                                u - +3 ring of intelligence

@: very slightly contaminated, hasted, very quick
A: negative energy resistance 1, electricity resistance, unbreathing,
petrification resistance, rot immunity, AC +4
a: Renounce Religion


You were on level 5 of the Dungeon.
You worshipped Okawaru.
Okawaru was noncommittal.
You were not hungry.

You visited 2 branches of the dungeon, and saw 6 of its levels.

You collected 171 gold pieces.

Inventory:

Hand Weapons
 a - a +1 flail (weapon)
Armour
 c - a +0 shield (worn)
 e - a +0 chain mail (worn)
 i - a +0 helmet (worn)
 j - a +2 pair of gloves (worn)
Jewellery
 b - an amulet of guardian spirit (around neck)
 u - a +3 ring of intelligence (left hand)
Scrolls
 g - a scroll of teleportation
 n - 2 scrolls of amnesia
 q - 2 scrolls of enchant weapon
 r - 2 scrolls of identify
 s - 4 scrolls of remove curse
Potions
 d - a potion of might
 p - a potion of brilliance
 w - a potion of cure mutation
Books
 t - a book of Conjurations

   Spells                             Type                      Level
   a - Magic Dart                     Conjuration                  1
   b - Searing Ray                    Conjuration                  2
   c - Dazzling Spray                 Conjuration/Hexes            3
   d - Fulminant Prism                Conjuration/Hexes            4
   e - Iskenderun's Mystic Blast      Conjuration                  4
   f - Iskenderun's Battlesphere      Conjuration/Charms           5
Comestibles
 f - 5 bread rations
 h - 3 meat rations
 k - a royal jelly
 o - 2 beef jerkies
 v - a chunk of flesh


   Skills:
 + Level 4.3 Fighting
 + Level 4.9 Maces & Flails
 + Level 4.1 Armour
 + Level 1.0 Dodging
 + Level 0.2 Stealth
 + Level 5.1 Shields


You had 5 spell levels left.
You didn't know any spells.

Dungeon Overview and Level Annotations

Branches:
Dungeon (5/15)             Temple (1/1) D:4

Altars:
Dithmenos
Elyvilon
Hepliaklqana
Okawaru
Qazlal
Ru
The Shining One


Innate Abilities, Weirdness & Mutations

You are resistant to torment.
Your stone body is resilient. (AC +4)
You are immune to poison.
You resist negative energy. (rN+)
You are resistant to electric shocks. (rElec)
You can survive without breathing.
You are immune to petrification.
You are immune to rotting.


Message History

You kill the orc!
Okawaru accepts your kill.
You hear a splash.
Something hits you but does no damage. The orc barely misses you.
The orc priest invokes the aid of Beogh against you.
Beogh smites you!
* * * LOW HITPOINT WARNING * * *
You hear some strange, mumbled words.
Something tries to affect you, but you resist.
The orc hits you but does no damage.
The orc priest hits you but does no damage.
You see here a club.
Your unstable footing causes you to fumble your attack.
You block the scorpion's attack. Something hits you but does no damage.
Your unstable footing causes you to fumble your attack.
You block the orc's attack.
The scorpion splashes around in the water.
The orc priest calls down the wrath of Beogh upon you.
Beogh smites you!
You die...

.# .P ♣♣≈♣♣ ♣≈≈≈♣
♣P.≈♣ #♣♣ ♣.≈P♣♣
##≈♣♣♣♣{s.≈♣P♣≈
#...≈.≈@o.≈≈.≈.
#.♣≈≈.Po≈≈P≈P♣P
#.♣♣♣♣♣≈≈P♣♣♣♣
#.#♣♣ ♣P≈♣♣ #...#
♣≈≈P♣ ###.##♣P.P♣
#######.#.♣♣.≈♣
...........#.##
###..........####.#


You could see a scorpion, an orc priest and an orc.

Vanquished Creatures
  A centaur zombie (D:4)
  A hound (D:4)
  Natasha (thrice) (D:3)
  An iguana (D:4)
  2 orc wizards
  2 worker ants (D:4)
  4 adders
  A shadow imp (D:3)
  2 oozes (D:2)
  2 worms
  2 dart slugs
  2 leopard geckos (D:1)
  19 orcs
  A ball python (D:3)
  3 bats
  3 giant cockroaches
  7 goblins
  7 hobgoblins
  5 jackals
  5 quokkas
  7 frilled lizards
  6 kobolds
  5 rats
91 creatures vanquished.

Notes
Turn   | Place    | Note
-------+----------+-------------------------------------------
     0 | D:1      | JeffiDaFish the Gargoyle Fighter began the quest for the Orb.
     0 | D:1      | Reached XP level 1. HP: 14/14 MP: 1/1
   327 | D:1      | Gained mutation: You are partially covered in thin metallic scales. (AC +2) [potion of mutation]
   327 | D:1      | Gained mutation: You are agile. (Dex +2) [potion of mutation]
   327 | D:1      | Gained mutation: You occasionally shout uncontrollably at your foes. [potion of mutation]
   345 | D:1      | Reached XP level 2. HP: 19/19 MP: 2/2
   873 | D:2      | Found a glowing golden altar of the Shining One.
   914 | D:2      | Reached XP level 3. HP: 21/23 MP: 3/3
   976 | D:2      | Reached skill level 4 in Shields
  1337 | D:2      | Reached XP level 4. HP: 24/28 MP: 4/4
  1891 | D:3      | Reached XP level 5. HP: 33/33 MP: 5/5
  2123 | D:3      | Noticed Natasha
  2141 | D:3      | Killed Natasha
  2174 | D:3      | Noticed Natasha
  2186 | D:3      | Killed Natasha
  2299 | D:3      | Noticed Natasha
  2305 | D:3      | Killed Natasha
  2305 | D:3      | Reached skill level 5 in Shields
  2305 | D:3      | Reached XP level 6. HP: 38/38 MP: 6/6
  2321 | D:3      | Lost mutation: You are agile. (Dex +2) [potion of cure mutation]
  2321 | D:3      | Lost mutation: You are partially covered in thin metallic scales. (AC +2) [potion of cure mutation]
  2321 | D:3      | Lost mutation: You occasionally shout uncontrollably at your foes. [potion of cure mutation]
  2744 | D:4      | Found a sacrificial altar of Ru.
  2744 | D:4      | Found a hazy altar of Hepliaklqana.
  2867 | D:4      | Found a staircase to the Ecumenical Temple.
  2874 | Temple   | Entered the Ecumenical Temple
  2898 | Temple   | Became a worshipper of Warmaster Okawaru
  2962 | D:4      | Found a shadowy altar of Dithmenos.
  3029 | D:4      | Reached skill level 1 in Dodging
  3146 | D:5      | Entered Level 5 of the Dungeon
  3191 | D:5      | Killed from afar by an orc priest

Skill      XL: |  1  2  3  4  5  6 |
---------------+-------------------+-----
Shields        | 4 5 |  5.1
Maces & Flails | 3 4 |  4.9
Armour         | 4 |  4.1
Fighting       | 4 |  4.3
Dodging        | 1 |  1.0
Stealth        | |  0.2

Action                   |  1- 3 |  4- 6 || total
-------------------------+-------+-------++-------
Melee: Flail             |   112 |   257 ||   369
  Use: Potion            |     7 |     6 ||    13
       Scroll            |     5 |     4 ||     9
  Eat: Chunk             |     2 |     6 ||     8
Armor: Scale mail        |     4 |       ||     4
       Chain mail        |    55 |   191 ||   246
Dodge: Dodged            |    24 |    72 ||    96
Block: Shield            |    78 |   150 ||   228
